MLB
ATLANTA BRAVES @ SAN DIEGO PADRES
03/28/2044
 
TOP OF THE 1ST
Atlanta Braves batting - Pitching for San Diego Padres : LHP Gerardo Amendoeira
Pitching: LHP Gerardo Amendoeira
Batting: RHB Liangde Li 0-0: Ball
1-0: Swinging Strike
1-1: Foul Ball, location: 2F
1-2: Foul Ball, location: 2F
1-2: Ball
2-2: Ball
3-2: Base on Balls
Batting: LHB Seth Cook 0-0: Called Strike
0-1: Called Strike
0-2: Ball
Liangde Li is caught stealing 2nd base 2-6
1-2: Foul Ball, location: 2F
1-2: Strikes out swinging
Batting: RHB Butch Kaiser 0-0: Ball
1-0: Ball
2-0: Foul Ball, location: 2F
2-1: Foul Ball, location: 2F
2-2: Strikes out swinging
Top of the 1st over - 0 runs, 0 hits, 0 errors, 0 left on base; Atlanta 0 - San Diego 0
BOTTOM OF THE 1ST
San Diego Padres batting - Pitching for Atlanta Braves : LHP Danny Lawson
Pitching: LHP Danny Lawson
Batting: RHB Alois Wollf 0-0: Called Strike
0-1: Ball
1-1: Ball
2-1: Ball
3-1: Base on Balls
Batting: RHB Carlos Reyes 0-0: Called Strike
0-1: Fly out, F8 (Flyball, 8LS, EV 93.1 MPH)
Batting: RHB Cesar Breceda 0-0: Ball
1-0: Ball
2-0: Grounds into double play, 3-6-1 (Groundball, 3, EV 109.4 MPH)
Bottom of the 1st over - 0 runs, 0 hits, 0 errors, 0 left on base; Atlanta 0 - San Diego 0
TOP OF THE 2ND
Atlanta Braves batting - Pitching for San Diego Padres : LHP Gerardo Amendoeira
Batting: RHB Jake Lang 0-0: Called Strike
0-1: Foul Ball, location: 2F
0-2: Foul Ball, location: 2F
0-2: Ball
1-2: Ball
2-2: Ball
3-2: Foul Ball, location: 2F
3-2: Strikes out looking
Batting: RHB Itsuo Egami 0-0: Ball
1-0: Foul Ball, location: 2F
1-1: Foul Ball, location: 2F
1-2: Ground out 4-3 (Groundball, 4, EV 88.1 MPH)
Batting: RHB Kanehisa Kubo 0-0: Ball
1-0: Called Strike
1-1: Ball
2-1: Ball
3-1: Base on Balls
Batting: LHB Davey Schonewille 0-0: Foul Ball, location: 2F
0-1: Ball
1-1: SINGLE (Line Drive, 4MD, EV 102.5 MPH)
Kanehisa Kubo to second
Batting: LHB Tom Best 0-0: Called Strike
0-1: Foul Ball, location: 2F
0-2: Strikes out looking
Top of the 2nd over - 0 runs, 1 hit, 0 errors, 2 left on base; Atlanta 0 - San Diego 0
BOTTOM OF THE 2ND
San Diego Padres batting - Pitching for Atlanta Braves : LHP Danny Lawson
Batting: LHB Mike Holt 0-0: Fly out, F8 (Flyball, 78M, EV 83.1 MPH)
Batting: RHB Chiel Palstermans 0-0: Called Strike
0-1: Ball
1-1: Ball
2-1: Swinging Strike
2-2: DOUBLE (Flyball, 89D, EV 91.3 MPH)
Batting: LHB Andy Bowman 0-0: Ball
1-0: Foul Ball, location: 2F
1-1: Foul Ball, location: 2F
1-2: Ball
2-2: Foul Ball, location: 2F
2-2: Ball
3-2: Foul Ball, location: 2F
3-2: Foul Ball, location: 2F
3-2: Foul Ball, location: 2F
3-2: Base on Balls
Batting: RHB Jose Morrissey 0-0: Foul Ball, location: 2F
0-1: Ground out 5-3 (Groundball, 56S, EV 70.0 MPH)
Chiel Palstermans to third
Andy Bowman to second
Batting: SHB Devin Hottenstein 0-0: Ball
1-0: Called Strike
1-1: Foul Ball, location: 2F
1-2: Ball
2-2: Strikes out looking
Bottom of the 2nd over - 0 runs, 1 hit, 0 errors, 2 left on base; Atlanta 0 - San Diego 0
TOP OF THE 3RD
Atlanta Braves batting - Pitching for San Diego Padres : LHP Gerardo Amendoeira
Batting: RHB Zach Thomason 0-0: Ball
1-0: Ball
2-0: Swinging Strike
2-1: Swinging Strike
2-2: Ball
3-2: Strikes out swinging
Batting: RHB Liangde Li 0-0: Ball
1-0: Foul Ball, location: 2F
1-1: Bunted foul
1-2: Foul Ball, location: 2F
1-2: Foul Ball, location: 2F
1-2: Foul Ball, location: 2F
1-2: DOUBLE (Line Drive, 3D, EV 103.1 MPH)
Batting: LHB Seth Cook 0-0: Ball
1-0: Called Strike
1-1: Ball
2-1: Called Strike
2-2: Foul Ball, location: 2F
2-2: Foul Ball, location: 2F
2-2: Strikes out looking
Batting: RHB Butch Kaiser 0-0: Ball
1-0: Called Strike
1-1: Ball
2-1: Foul Ball, location: 2F
2-2: Fly out, F2 (Popup, 3SF, EV 73.1 MPH)
Top of the 3rd over - 0 runs, 1 hit, 0 errors, 1 left on base; Atlanta 0 - San Diego 0
BOTTOM OF THE 3RD
San Diego Padres batting - Pitching for Atlanta Braves : LHP Danny Lawson
Batting: RHB Oscar Fausto 0-0: Swinging Strike
0-1: Foul Ball, location: 2F
0-2: Ball
1-2: Ball
2-2: Foul Ball, location: 2F
2-2: Foul Ball, location: 2F
2-2: Ball
3-2: Base on Balls
Batting: RHB Alois Wollf 0-0: Grounds into double play, 6-4-3 (Groundball, 6, EV 98.1 MPH)
Batting: RHB Carlos Reyes 0-0: Ball
1-0: Called Strike
1-1: Ball
2-1: Foul Ball, location: 2F
2-2: Strikes out looking
Bottom of the 3rd over - 0 runs, 0 hits, 0 errors, 0 left on base; Atlanta 0 - San Diego 0
TOP OF THE 4TH
Atlanta Braves batting - Pitching for San Diego Padres : LHP Gerardo Amendoeira
Batting: RHB Jake Lang 0-0: Ball
1-0: Called Strike
1-1: Called Strike
1-2: Strikes out swinging
Batting: RHB Itsuo Egami 0-0: Foul Ball, location: 2F
0-1: Ball
1-1: Ball
2-1: Swinging Strike
2-2: Ball
3-2: Foul Ball, location: 2F
3-2: Base on Balls
Batting: RHB Kanehisa Kubo 0-0: Called Strike
0-1: Ball
1-1: Foul Ball, location: 2F
1-2: Strikes out swinging
Batting: LHB Davey Schonewille 0-0: Called Strike
0-1: Ball
1-1: Ball
2-1: Fly out, F9 (Flyball, 89D, EV 86.3 MPH)
Top of the 4th over - 0 runs, 0 hits, 0 errors, 1 left on base; Atlanta 0 - San Diego 0
BOTTOM OF THE 4TH
San Diego Padres batting - Pitching for Atlanta Braves : LHP Danny Lawson
Batting: RHB Cesar Breceda 0-0: Ball
1-0: Ball
2-0: Foul Ball, location: 2F
2-1: Ball
3-1: Swinging Strike
3-2: Foul Ball, location: 2F
3-2: Base on Balls
Batting: LHB Mike Holt 0-0: Ball
1-0: Grounds into double play, 4-6-3 (Groundball, 4, EV 84.4 MPH)
Batting: RHB Chiel Palstermans 0-0: Ball
1-0: Called Strike
1-1: Ball
2-1: Called Strike
2-2: Ball
3-2: DOUBLE (Line Drive, 78D, EV 105.0 MPH)
Batting: LHB Andy Bowman 0-0: Called Strike
0-1: Fly out, F6 (Flyball, 56D, EV 88.1 MPH)
Bottom of the 4th over - 0 runs, 1 hit, 0 errors, 1 left on base; Atlanta 0 - San Diego 0
TOP OF THE 5TH
Atlanta Braves batting - Pitching for San Diego Padres : LHP Gerardo Amendoeira
Pitching: RHP Jason Decker
Batting: LHB Tom Best 0-0: Swinging Strike
0-1: SINGLE (Groundball, 4D, EV 99.4 MPH)
Batting: RHB Zach Thomason 0-0: Ball
1-0: Bunted foul
1-1: Ball
2-1: Sac Bunt to 2L - play at first, batter OUT! 2-4
Tom Best to second
Batting: RHB Liangde Li 0-0: Ball
1-0: Ball
2-0: Ball
3-0: Called Strike
3-1: Foul Ball, location: 2F
3-2: Foul Ball, location: 2F
3-2: Ground out 1-3 (Groundball, 34S, EV 65.0 MPH)
Tom Best to third
Batting: LHB Seth Cook 0-0: DOUBLE (Flyball, 78D, EV 110.6 MPH)
Tom Best scores
Batting: RHB Butch Kaiser 0-0: Ball
1-0: Called Strike
1-1: Ball
2-1: Ball
3-1: Fly out, F9 (Flyball, 9D, EV 81.3 MPH)
Top of the 5th over - 1 run, 2 hits, 0 errors, 1 left on base; Atlanta 1 - San Diego 0
BOTTOM OF THE 5TH
San Diego Padres batting - Pitching for Atlanta Braves : LHP Danny Lawson
Pitching: RHP Adam Bonawitz
Batting: RHB Jose Morrissey 0-0: Ball
1-0: Ball
2-0: Ground out 5-3 (Groundball, 56, EV 78.8 MPH)
Batting: SHB Devin Hottenstein 0-0: Ball
1-0: Ball
2-0: SINGLE (Line Drive, 9LS, EV 91.3 MPH)
Batting: LHB Conrad Taylor 0-0: Called Strike
0-1: Ball
1-1: Ball
2-1: Swinging Strike
2-2: Strikes out swinging
Batting: RHB Alois Wollf 0-0: Called Strike
0-1: Called Strike
0-2: Ball
1-2: Foul Ball, location: 2F
1-2: Strikes out swinging
Bottom of the 5th over - 0 runs, 1 hit, 0 errors, 1 left on base; Atlanta 1 - San Diego 0
TOP OF THE 6TH
Atlanta Braves batting - Pitching for San Diego Padres : RHP Jason Decker
Batting: RHB Jake Lang 0-0: Ball
1-0: Swinging Strike
1-1: Fly out, F8 (Flyball, 78XD, EV 91.3 MPH)
Batting: RHB Itsuo Egami 0-0: Foul Ball, location: 2F
0-1: Foul Ball, location: 2F
0-2: Fly out, F8 (Line Drive, 8RD, EV 85.6 MPH)
Batting: RHB Kanehisa Kubo 0-0: Foul Ball, location: 2F
0-1: Foul Ball, location: 2F
0-2: Ball
1-2: Foul Ball, location: 2F
1-2: Foul Ball, location: 2F
1-2: Fly out, F7 (Flyball, 7LM, EV 89.4 MPH)
Top of the 6th over - 0 runs, 0 hits, 0 errors, 0 left on base; Atlanta 1 - San Diego 0
BOTTOM OF THE 6TH
San Diego Padres batting - Pitching for Atlanta Braves : RHP Adam Bonawitz
Batting: RHB Carlos Reyes 0-0: Ground out 5-3 (Groundball, 56, EV 103.1 MPH)
Batting: RHB Cesar Breceda 0-0: Foul Ball, location: 2F
0-1: Ground out 6-3 (Groundball, 6, EV 86.3 MPH)
Batting: LHB Mike Holt 0-0: Called Strike
0-1: Ball
1-1: Fly out, F8 (Flyball, BS4, EV 110.6 MPH)
Bottom of the 6th over - 0 runs, 0 hits, 0 errors, 0 left on base; Atlanta 1 - San Diego 0
TOP OF THE 7TH
Atlanta Braves batting - Pitching for San Diego Padres : RHP Jason Decker
Batting: LHB Davey Schonewille 0-0: Ball
1-0: Swinging Strike
1-1: Called Strike
1-2: Fly out, F7 (Line Drive, 7D, EV 88.8 MPH)
Batting: LHB Tom Best 0-0: Called Strike
0-1: SINGLE (Groundball, 25, EV 71.9 MPH) (infield hit)
Batting: RHB Zach Thomason 0-0: Ball
1-0: Called Strike
1-1: Ball
2-1: Ball
3-1: Fly out, F8 (Line Drive, 8RM, EV 92.5 MPH)
Pitching: RHP Travis White
Pinch Hitting: LHB Colin Worthington 0-0: Ball
1-0: Foul Ball, location: 2F
1-1: Ball
2-1: Foul Ball, location: 2F
2-2: Ground out 4-3 (Groundball, 4D, EV 101.9 MPH)
Top of the 7th over - 0 runs, 1 hit, 0 errors, 1 left on base; Atlanta 1 - San Diego 0
BOTTOM OF THE 7TH
San Diego Padres batting - Pitching for Atlanta Braves : RHP Adam Bonawitz
Now in CF: Davey Schonewille
Now in RF: Colin Worthington
Batting: RHB Chiel Palstermans 0-0: Ball
1-0: Ball
2-0: Called Strike
2-1: Ball
3-1: Base on Balls
Batting: LHB Andy Bowman 0-0: Ball
1-0: Ball
2-0: DOUBLE (Line Drive, 3D, EV 104.4 MPH)
Chiel Palstermans to third
Runner from 3rd tries for Home, SAFE, throw by RF to trailing runner, OUT at third! 9-3-5
Batting: RHB Jose Morrissey 0-0: Called Strike
0-1: Ground out 3-1 (Groundball, 34S, EV 91.9 MPH)
Batting: SHB Devin Hottenstein 0-0: Swinging Strike
0-1: Ball
1-1: Foul Ball, location: 2F
1-2: Strikes out swinging
Bottom of the 7th over - 1 run, 1 hit, 0 errors, 0 left on base; Atlanta 1 - San Diego 1
TOP OF THE 8TH
Atlanta Braves batting - Pitching for San Diego Padres : RHP Travis White
Batting: LHB Seth Cook 0-0: Called Strike
0-1: Foul Ball, location: 2F
0-2: Ball
1-2: Fly out, F9 (Line Drive, 89M, EV 107.5 MPH)
Pinch Hitting: RHB Jesse Lester 0-0: Swinging Strike
0-1: Ball
1-1: Ball
2-1: Ball
3-1: Base on Balls
Batting: RHB John Creel 0-0: Called Strike
0-1: Ball
1-1: Foul Ball, location: 2F
1-2: Ball
2-2: Foul Ball, location: 2F
Pickoff Throw to First - Error! E1
Jesse Lester to second
2-2: SINGLE (Groundball, 6MD, EV 97.5 MPH)
Jesse Lester to third
Runner from 3rd tries for Home, throw by CF and OUT! 8-2
Batting: RHB Itsuo Egami 0-0: Called Strike
0-1: Ball
1-1: Ball
2-1: Ball
3-1: Base on Balls
John Creel to second
Batting: RHB Kanehisa Kubo 0-0: Ball
1-0: Ball
2-0: Called Strike
2-1: Fly out, F7 (Line Drive, 7, EV 93.8 MPH)
Top of the 8th over - 0 runs, 1 hit, 1 error, 2 left on base; Atlanta 1 - San Diego 1
BOTTOM OF THE 8TH
San Diego Padres batting - Pitching for Atlanta Braves : RHP Adam Bonawitz
Pitching: RHP Marcos Tejeda
Now at 3B: Jesse Lester
Batting: LHB Conrad Taylor 0-0: Ball
1-0: Fly out, F9 (Flyball, 9LM, EV 90.6 MPH)
Pinch Hitting: RHB Alberto Cotto 0-0: Ball
1-0: Ball
2-0: Called Strike
2-1: Foul Ball, location: 2F
2-2: Foul Ball, location: 2F
2-2: Strikes out swinging
Pinch Hitting: LHB Ryan Flynn Jr. 0-0: Foul Ball, location: 2F
0-1: Foul Ball, location: 2F
0-2: Strikes out looking
Bottom of the 8th over - 0 runs, 0 hits, 0 errors, 0 left on base; Atlanta 1 - San Diego 1
TOP OF THE 9TH
Atlanta Braves batting - Pitching for San Diego Padres : RHP Travis White
Pitching: LHP Ricardo Chavez
Now at 2B: Alberto Cotto
Now in LF: Ryan Flynn Jr.
Batting: LHB Davey Schonewille 0-0: Foul Ball, location: 2F
0-1: Ball
1-1: Foul Ball, location: 2F
1-2: Ball
2-2: Foul Ball, location: 2F
2-2: Ball
3-2: Foul Ball, location: 2F
3-2: Strikes out swinging
Pinch Hitting: LHB Otte Klijnsma 0-0: Called Strike
0-1: Foul Ball, location: 2F
0-2: Ball
1-2: Strikes out swinging
Pinch Hitting: RHB Jeckel Hester 0-0: Ball
1-0: Ball
2-0: SOLO HOME RUN (Flyball, 9D, EV 100.0 MPH), Distance : 363 ft
Batting: LHB Colin Worthington 0-0: Ball
1-0: Called Strike
1-1: Ball
2-1: Foul Ball, location: 2F
2-2: Foul Ball, location: 2F
2-2: Strikes out swinging
Top of the 9th over - 1 run, 1 hit, 0 errors, 0 left on base; Atlanta 2 - San Diego 1
BOTTOM OF THE 9TH
San Diego Padres batting - Pitching for Atlanta Braves : RHP Marcos Tejeda
Now at 2B: Jeckel Hester
Now at SS: Itsuo Egami
Now in LF: Otte Klijnsma
Pinch Hitting: RHB Ben Zeiler 0-0: Ball
1-0: Swinging Strike
1-1: Foul Ball, location: 2F
1-2: SINGLE (Groundball, P, EV 79.4 MPH) (infield hit)
Pinch Hitting: LHB Chris Moody 0-0: Called Strike
0-1: Called Strike
0-2: Strikes out swinging
Batting: RHB Chiel Palstermans 0-0: Ball
1-0: Called Strike
1-1: Ball
2-1: Foul Ball, location: 2F
2-2: Ball
3-2: Grounds into double play, 6-4-3 (Groundball, 56, EV 101.3 MPH)
Bottom of the 9th over - 0 runs, 1 hit, 0 errors, 0 left on base; Atlanta 2 - San Diego 1
Thursday, March 31st , 2022 - OOTP Baseball 22.12 Build 89